 Dungeon Crawl Stone Soup version 0.30-a0-738-g116ff8c4af (webtiles) character file.

Game seed: 9144641076551634564

23 sanka the Chiller (level 2, 0/20 HPs)
             Began as a Demigod Ice Elementalist on Feb 4, 2023.
             Slain by a kobold
             ... wielding a +1 dagger of venom
              (1 damage)
             ... on level 1 of the Dungeon.
             The game lasted 00:00:58 (526 turns).

sanka the Chiller (Demigod Ice Elementalist)         Turns: 526, Time: 00:00:58

Health: 0/20       AC:  2    Str:  9    XL:     2   Next: 57%
Magic:  1/7        EV: 12    Int: 17    God:
Gold:   47         SH:  0    Dex: 14    Spells: 4/5 levels left

rFire   . . .      SeeInvis .    c - +0 dagger
rCold   . . .      Faith    .    (no shield)
rNeg    . . .      Spirit   .    a - +0 robe
rPois   .          Reflect  .    (no helmet)
rElec   .          Harm     .    (no cloak)
rCorr   .          Rampage  .    (no gloves)
Will    .....                    (no boots)
Stlth   ++                       (no amulet)
HPRegen 0.23/turn                (no ring)
MPRegen 0.10/turn                (no ring)

@: lethally poisoned (0 -> -9), flying, very slightly contaminated
A: high MP 1, forlorn, divine attributes
a: no special abilities


You were on level 1 of the Dungeon.
You visited 1 branch of the dungeon, and saw 1 of its levels.

You collected 47 gold pieces.


Innate Abilities, Weirdness & Mutations

You have an increased reservoir of magic. (+10% MP)
You shall have no god before yourself.
Your divine heritage dramatically boosts your attributes as you level up.


   Skills:
 - Level 1.7 Dodging
 - Level 1.7 Stealth
 - Level 2.0 Spellcasting
 + Level 4.3 Ice Magic


You had 4 spell levels left.
You knew the following spells:

 Your Spells              Type           Power      Damage    Failure   Level
z - Freeze                Ice            64%        1d7       3%          1

Your spell library contained the following spells:

 Spells                   Type           Power      Damage    Failure   Level
 Frozen Ramparts          Ice            32%        1d5       10%         3
 Ozocubu's Armour         Ice            16%        N/A       10%         3
 Summon Ice Beast         Ice/Summ       9%         N/A       61%         4

Inventory:

Hand Weapons
 c - a +0 dagger (weapon)
Armour
 a - a +0 robe (worn)
Potions
 b - a potion of magic
 e - a potion of heal wounds {unknown}
 f - a potion of mutation {unknown}

Dungeon Overview and Level Annotations

Branches:
Dungeon (1/15)

▒..▒.▒ ▒.▒ ▒...▒........
▒..▒.▒ ▒.▒ ▒.▒▒▒.▒.▒.▒.▒
▒▒....▒ ▒.▒ ▒.......▒.▒..
....... ▒.▒ ▒.▒.▒.▒▒▒.▒▒▒
.......▒▒▒.▒ ▒.▒......<...
...........▒ ▒.▒.▒.▒▒▒.▒▒▒
▒▒▒.▒...▒▒▒▒▒▒.......▒.▒..
▒.....r......▒▒▒.▒.▒.▒.▒
▒▒▒▒▒▒▒.Kp.▒▒.▒. ▒........
......)JK.....▒ ▒▒▒.▒.▒.▒
..............▒ ▒.....▒
................. ▒.▒▒▒.▒
.............▒▒.. ▒▒▒ ▒▒▒
..............▒ .
...............>
▒▒▒▒▒▒▒▒.▒▒▒▒▒▒▒ ▒.▒


You could see an endoplasm, a quokka and 2 kobolds.


Message History

The kobold misses you.
You freeze the quokka.
The quokka is severely wounded.
The quokka barely misses you. The kobold closely misses you.
The kobold hits you with a +0 short sword.
You miscast Freeze.
You are very lightly contaminated with residual magic.
Nothing appears to happen.
The quokka closely misses you.
The kobold hits you with a +1 dagger of venom.
You are poisoned.
The kobold hits you with a +0 short sword.
The quokka closely misses you.
Found a stone staircase leading down.
You feel sick. The kobold attacks as you move away!
The kobold hits you with a +1 dagger of venom.
* * * LOW HITPOINT WARNING * * *
You are lethally poisoned!
* * * LOW HITPOINT WARNING * * *
You feel very sick.
It was a potion of flight.
You feel very buoyant.
You fly up into the air.
* * * LOW HITPOINT WARNING * * *
You feel very sick.
The quokka bites you but does no damage.
The kobold hits you with a +1 dagger of venom.
You die...

Action                     || total
---------------------------++-------
  Melee: Dagger            ||    12
         Unarmed           ||     1
   Cast: Freeze            ||    27
    Use: Potion            ||     1
   Stab: Sleeping          ||     2
 Armour: Robe              ||     8
  Dodge: Dodged            ||    28

Levels and vault maps discovered:
D:1:      roderic_chinese_lattice_arrival, layout_basic, minmay_misc_feat_doors

Notes
Turn   | Place    | Note
-------+----------+-------------------------------------------
     0 | D:1      | sanka the Demigod Ice Elementalist began the quest for the
                  | Orb.
     0 | D:1      | Reached XP level 1. HP: 14/14 MP: 5/5
    65 | D:1      | Reached skill level 2 in Spellcasting
   232 | D:1      | Reached skill level 4 in Ice Magic
   254 | D:1      | Reached XP level 2. HP: 20/20 MP: 5/7
   526 | D:1      | HP: 1/20 [poisoned by a kobold]
   526 | D:1      | Slain by a kobold

Vanquished Creatures
  2 bats (D:1)
  2 endoplasms (D:1)
  A giant cockroach (D:1)
  4 goblins (D:1)
  3 hobgoblins (D:1)
  2 quokkas (D:1)
  2 ball pythons (D:1)
  A frilled lizard (D:1)
  4 rats (D:1)
21 creatures vanquished.
